Wolfpack vs Heat
Created - April 25, 2022 at 19:52
Goals
|
| Wolfpack |
0 |
2 |
2 |
4 |
| Heat |
1 |
4 |
0 |
5 |
|
Shots
|
| Wolfpack |
3 |
12 |
20 |
35 |
| Heat |
9 |
12 |
11 |
32 |
|
1st period
1. Heat , Ryan Spooner 14 (Evgeny Svechnikov 20, Victor Rask 44) at 12:27
Penalties :
Seth Griffith (Har) for Cross-checking (Minor) at 1:28, Dave Dziurzynski (Har) for Cross-checking (Minor) at 6:07, Henrik Samuelsson (Har) for Hooking (Minor) at 19:52
2nd period
2. Heat , Victor Rask 23 (Kevin Labanc 51, Rasmus Andersson 29) at 3:08 (PP)
3. Heat , Nico Sturm 6 (Jesper Bratt 1, John Gilmour 9) at 9:21
4. Wolfpack , Sebastian Collberg 15 (Henrik Samuelsson 40) at 14:41
5. Heat , Evgeny Svechnikov 16 (Victor Rask 45, Jake DeBrusk 24) at 15:16
6. Heat , Matthew Nieto 35 (Philip Varone 27) at 16:10
7. Wolfpack , Connor Chatam 7 (David Pope 21) at 19:24
Penalties :
Will Borgen (Har) for Interference (Minor) at 2:30, Ryan Culkin (Har) for Hooking (Minor) at 2:52
3rd period
8. Wolfpack , Seth Griffith 21 (Colton White 7, Connor Chatam 10) at 13:04
9. Wolfpack , Ryan Dzingel 15 (Henrik Samuelsson 41, Steven Santini 28) at 17:05
Penalties :
Steven Santini (Har) for Goalie Interference (Minor) at 2:53, Greg Pateryn (Sto) for Hooking (Minor) at 7:53, Philip Varone (Sto) for Hooking (Minor) at 18:44
Goalie Stats
Harru Sateri (Har), 12 saves from 16 shots - (0.750), 35:16 minutes
Mike Condon (Har), 15 saves from 16 shots - (0.938), L, 9-8-0, 23:29 minutes
Michael Hutchinson (Sto), 31 saves from 35 shots - (0.886), W, 24-15-5, 60:00 minutes
Players Stats for Wolfpack
Player Name G A P +/- PIM S H SB GA TA FO MP PP MP PK MP
------------------------------------------------------------------------------------
Adam Lowry 0 0 0 0 0 0 0 0 0 0 0/1 1:56 0:00 1:56
Alex Barre-Boulet 0 0 0 0 0 0 0 0 0 0 0/0 0:00 0:00 0:00
Alexander Barabanov 0 0 0 0 0 0 0 0 0 0 0/0 0:35 0:00 0:00
Andrew Peeke 0 0 0 -1 0 1 0 1 0 0 0/0 6:55 0:00 1:37
Colton White 0 1 1 1 0 1 0 0 1 2 0/0 17:59 1:07 4:11
Connor Chatam 1 1 2 1 0 2 4 0 0 0 0/0 12:28 0:00 0:00
Dante Fabbro 0 0 0 2 0 0 0 0 0 0 0/0 6:03 0:00 0:00
Dave Dziurzynski 0 0 0 0 2 1 2 1 1 0 2/4 22:10 2:08 4:53
David Pope 0 1 1 1 0 2 2 0 0 0 0/0 14:11 0:00 1:43
Dryden Hunt 0 0 0 0 0 0 0 0 0 0 0/0 0:00 0:00 0:00
Henrik Samuelsson 0 2 2 0 2 3 3 1 1 1 4/11 18:32 1:06 2:33
Jake Marchment 0 0 0 0 0 0 0 0 0 0 0/0 0:00 0:00 0:00
Joel Kiviranta 0 0 0 0 0 0 0 0 0 0 0/0 0:00 0:00 0:00
Joshua Jacobs 0 0 0 -1 0 0 0 0 0 0 0/0 9:16 0:00 0:00
Kevin Roy 0 0 0 -1 0 0 1 0 0 0 3/4 4:19 0:00 0:00
Maxime Sauvé 0 0 0 -1 0 3 1 2 0 2 17/36 27:09 2:08 6:07
Mikhail Sergachev 0 0 0 -2 0 2 2 4 0 0 0/0 26:42 2:07 6:06
Ryan Culkin 0 0 0 1 2 0 1 0 1 1 0/0 17:17 1:07 3:05
Ryan Dzingel 1 0 1 0 0 2 2 0 1 0 0/0 15:36 1:06 0:00
Samuel Blais 0 0 0 -1 0 1 0 1 0 0 0/0 4:19 0:00 0:00
Sebastian Collberg 1 0 1 0 0 4 0 0 0 0 0/1 15:36 1:06 0:00
Seth Griffith 1 0 1 1 2 3 0 0 2 0 2/7 12:34 0:00 0:00
Stefan Noesen 0 0 0 0 0 5 1 0 1 0 2/3 19:33 2:08 3:06
Steven Santini 0 1 1 -2 2 5 2 3 1 0 0/0 25:06 2:07 4:29
Will Borgen 0 0 0 2 2 0 1 1 0 1 0/0 11:05 0:00 1:05
Players Stats for Heat
Player Name G A P +/- PIM S H SB GA TA FO MP PP MP PK MP
------------------------------------------------------------------------------------
Barclay Goodrow 0 0 0 -1 0 0 1 1 0 0 0/1 10:30 0:02 0:00
Eric Karlsson 0 0 0 1 0 2 0 0 0 0 0/0 7:08 0:00 0:40
Evgeny Svechnikov 1 1 2 0 0 4 1 1 0 1 0/1 18:32 4:16 0:19
Frank Corrado 0 0 0 1 0 0 0 0 0 0 0/0 14:43 3:28 0:00
Greg Pateryn 0 0 0 1 2 4 0 1 0 2 0/0 19:52 4:36 0:14
Jake DeBrusk 0 1 1 0 0 3 0 0 0 1 1/1 20:50 4:16 2:15
Jesper Bratt 0 1 1 1 0 1 0 0 0 0 0/0 6:28 0:00 0:00
John Gilmour 0 1 1 0 0 0 2 1 0 1 0/0 14:05 1:28 1:00
Kevin Labanc 0 1 1 0 0 3 3 1 2 2 1/3 21:13 5:59 0:00
Mathieu Brodeur 0 0 0 -1 0 5 3 4 1 0 0/0 30:12 5:41 2:24
Matthew Nieto 1 0 1 0 0 2 1 0 1 0 2/3 21:13 5:59 0:00
Nico Sturm 1 0 1 1 0 1 1 0 0 0 2/2 7:10 0:02 0:19
Peter Cehlarik 0 0 0 -1 0 1 0 0 0 0 1/4 11:20 0:00 1:13
Philip Varone 0 1 1 0 2 2 1 1 1 0 17/28 21:04 4:16 1:17
Rasmus Andersson 0 1 1 -1 0 1 5 4 1 0 0/0 29:22 5:21 2:00
Ryan Spooner 1 0 1 -1 0 1 2 1 0 0 4/5 11:05 0:02 0:25
Trevor Carrick 0 0 0 0 0 0 0 1 0 0 0/0 11:57 0:00 0:50
Victor Rask 1 2 3 0 0 2 1 0 1 2 9/19 20:00 5:59 0:00
3 Stars
1 - Victor Rask (Sto)
2 - Connor Chatam (Har)
3 - Evgeny Svechnikov (Sto)
Power Play
Wolfpack - 0 on 2 Attempt(s) - 0.00%
Heat - 1 on 6 Attempt(s) - 16.67%
Penalty Kill
Wolfpack - 5 on 6 Attempt(s) - 83.33%
- Score 0 goal in Penalty Kill
Heat - 2 on 2 Attempt(s) - 100.00%
- Score 0 goal in Penalty Kill
Team Stat
Wolfpack - Hits : 22 - Faceoff Wins : 30 - Blocked Shots : 14 - Penalty Minutes : 12
Heat - Hits : 21 - Faceoff Wins : 37 - Blocked Shots : 16 - Penalty Minutes : 4
Official
Referees : Francis Charron and Tim Peel
Linesman : Michel Cormier and Devin Berg
Game Notes
Mike Condon enters game at 15:16 of 2nd period
Frank Corrado is injured at 1:11 of 3rd period (Sprained Right Finger)
Andrew Peeke is injured at 3:25 of 3rd period (Left Hand)
Finance
Level 1 -- Attendance: 1995 (99.75%) -- Ticket Income $69,825
Level 2 -- Attendance: 984 (98.40%) -- Ticket Income $14,760
Total Attendance: 2979 (99.30%)
Total Ticket Income: $84,585
Other Income: $4,229
Total Income: $88,814
Wolfpack
5 vs 5 Forward
Center Left Wing Right Wing Time % Phy DF OF
1 Maxime Sauvé Dave Dziurzynski Stefan Noesen 40 1 2 2
2 Henrik Samuelsson Ryan Dzingel Sebastian Collberg 30 1 2 2
3 Seth Griffith David Pope Connor Chatam 20 1 2 2
4 Kevin Roy Samuel Blais Maxime Sauvé 10 1 2 2
5 vs 5 Defense
Defense Defense Time % Phy DF OF
1 Steven Santini Mikhail Sergachev 40 1 2 2
2 Ryan Culkin Colton White 30 1 2 2
3 Joshua Jacobs Andrew Peeke 20 1 2 2
4 Will Borgen Dante Fabbro 10 1 2 2
PowerPlay Forward
Center Left Wing Right Wing Time % Phy DF OF
1 Maxime Sauvé Dave Dziurzynski Stefan Noesen 60 1 2 2
2 Henrik Samuelsson Ryan Dzingel Sebastian Collberg 40 1 2 2
PowerPlay Defense
Defense Defense Time % Phy DF OF
1 Steven Santini Mikhail Sergachev 60 1 2 2
2 Ryan Culkin Colton White 40 1 2 2
Penalty Kill 4 Players Forward
Center Wing Time % Phy DF OF
1 Maxime Sauvé Dave Dziurzynski 60 1 2 2
2 Stefan Noesen Henrik Samuelsson 40 1 2 2
Penalty Kill 4 Players Defense
Defense Defense Time % Phy DF OF
1 Steven Santini Mikhail Sergachev 60 1 2 2
2 Ryan Culkin Colton White 40 1 2 2
Penalty Kill - 3 Players Forward
Forward Time % Phy DF OF
1 Maxime Sauvé 60 1 2 2
2 Dave Dziurzynski 40 1 2 2
Penalty Kill - 3 Players Defense
Defense Defense Time % Phy DF OF
1 Steven Santini Mikhail Sergachev 60 1 2 2
2 Ryan Culkin Colton White 40 1 2 2
4 vs 4 Forward
Center Wing Time % Phy DF OF
1 Maxime Sauvé Dave Dziurzynski 60 1 2 2
2 Stefan Noesen Henrik Samuelsson 40 1 2 2
4 vs 4 Defense
Defense Defense Time % Phy DF OF
1 Steven Santini Mikhail Sergachev 60 1 2 2
2 Ryan Culkin Colton White 40 1 2 2
Last Minutes Offensive
Center Left Wing Right Wing Defense Defense
Maxime Sauvé Dave Dziurzynski Stefan Noesen Steven Santini Mikhail Sergachev
Last Minutes Defensive
Center Left Wing Right Wing Defense Defense
Maxime Sauvé Dave Dziurzynski Stefan Noesen Steven Santini Mikhail Sergachev
Goaltenders
Starting : Harru Sateri
Backup : Mike Condon
Extra Forwards
Normal : Alexander Barabanov, Dryden Hunt, Adam Lowry - PP : Alexander Barabanov, Dryden Hunt - PK : Adam Lowry
Extra Defensemen
Normal : Joshua Jacobs, Andrew Peeke, Will Borgen - PP : Joshua Jacobs - PK : Andrew Peeke, Will Borgen
Penalty Shots
Maxime Sauvé, Dave Dziurzynski, Stefan Noesen, Henrik Samuelsson, Ryan Dzingel
Scratches
Jacob Middleton (Healthy), Keegan Kolesar (Healthy), Mikhail Vorobyev (Healthy), Jeffrey Viel (Healthy), Yegor Korshkov (Healthy)
Jake Paterson (Healthy)
Heat
5 vs 5 Forward
Center Left Wing Right Wing Time % Phy DF OF
1 Philip Varone Matthew Nieto Kevin Labanc 40 1 2 2
2 Victor Rask Jake DeBrusk Evgeny Svechnikov 30 1 2 2
3 Ryan Spooner Peter Cehlarik Barclay Goodrow 20 1 2 2
4 Nico Sturm Jesper Bratt Eric Karlsson 10 1 2 2
5 vs 5 Defense
Defense Defense Time % Phy DF OF
1 Mathieu Brodeur Rasmus Andersson 40 1 2 2
2 Frank Corrado Greg Pateryn 30 1 2 2
3 John Gilmour Trevor Carrick 20 1 2 2
4 Mathieu Brodeur Rasmus Andersson 10 1 2 2
PowerPlay Forward
Center Left Wing Right Wing Time % Phy DF OF
1 Victor Rask Matthew Nieto Kevin Labanc 60 1 2 2
2 Philip Varone Jake DeBrusk Evgeny Svechnikov 40 1 2 2
PowerPlay Defense
Defense Defense Time % Phy DF OF
1 Mathieu Brodeur Rasmus Andersson 60 1 2 2
2 Frank Corrado Greg Pateryn 40 1 2 2
Penalty Kill 4 Players Forward
Center Wing Time % Phy DF OF
1 Philip Varone Jake DeBrusk 60 1 2 2
2 Nico Sturm Evgeny Svechnikov 40 1 2 2
Penalty Kill 4 Players Defense
Defense Defense Time % Phy DF OF
1 Mathieu Brodeur Rasmus Andersson 60 1 2 2
2 Frank Corrado Greg Pateryn 40 1 2 2
Penalty Kill - 3 Players Forward
Forward Time % Phy DF OF
1 Matthew Nieto 60 1 2 2
2 Kevin Labanc 40 1 2 2
Penalty Kill - 3 Players Defense
Defense Defense Time % Phy DF OF
1 Mathieu Brodeur Rasmus Andersson 60 1 2 2
2 Frank Corrado Greg Pateryn 40 1 2 2
4 vs 4 Forward
Center Wing Time % Phy DF OF
1 Victor Rask Matthew Nieto 60 1 2 2
2 Philip Varone Kevin Labanc 40 1 2 2
4 vs 4 Defense
Defense Defense Time % Phy DF OF
1 Mathieu Brodeur Rasmus Andersson 60 1 2 2
2 Frank Corrado Greg Pateryn 40 1 2 2
Last Minutes Offensive
Center Left Wing Right Wing Defense Defense
Philip Varone Matthew Nieto Kevin Labanc Mathieu Brodeur Rasmus Andersson
Last Minutes Defensive
Center Left Wing Right Wing Defense Defense
Philip Varone Matthew Nieto Kevin Labanc Mathieu Brodeur Rasmus Andersson
Goaltenders
Starting : Michael Hutchinson
Backup : Vitek Vanecek
Extra Forwards
Normal : Ryan Spooner, Nico Sturm, Peter Cehlarik - PP : Ryan Spooner, Nico Sturm - PK : Peter Cehlarik
Extra Defensemen
Normal : John Gilmour, Trevor Carrick, Frank Corrado - PP : John Gilmour - PK : Trevor Carrick, Frank Corrado
Penalty Shots
Matthew Nieto, Jake DeBrusk, Kevin Labanc, Evgeny Svechnikov, Victor Rask
Scratches
Alexander True (Healthy), Brandon Hickey (Healthy), Chris Brown (Healthy), Christian Jaros (Healthy), Dominik Masin (Healthy)
Petteri Lindbohm (Healthy), Ryan Donato (Healthy), Vladislav Kamenev (Healthy), Tage Thompson (Healthy), Radim Zohorna (Healthy)
Nathan Lieuwen (Healthy), Collin Delia (Healthy)
% Time on Ice - Wolfpack
Lines # - Real PCT - Wanted PCT - Time Play
Normal Forward
1 - 33% - 40% - 15:10
2 - 31% - 30% - 14:32
3 - 27% - 20% - 12:28
4 - 9% - 10% - 4:19
Normal Defense
1 - 40% - 40% - 18:29
2 - 27% - 30% - 12:41
3 - 20% - 20% - 9:16
4 - 13% - 10% - 6:03
PP Forward
1 - 66% - 60% - 2:08
2 - 34% - 40% - 1:06
PP Defense
1 - 65% - 60% - 2:07
2 - 35% - 40% - 1:07
PK Forward
1 - 69% - 60% - 6:55
2 - 31% - 40% - 3:06
PK Defense
1 - 58% - 60% - 5:50
2 - 42% - 40% - 4:11
PK3 Forward
1 - 100% - 60% - 0:16
2 - 0% - 40% - 0:00
PK3 Defense
1 - 100% - 60% - 0:16
2 - 0% - 40% - 0:00
44 Forward
1 - 0% - 60%
2 - 0% - 40%
44 Defense
1 - 0% - 60%
2 - 0% - 40%
Last Minute Offensive - 0:00
Last Minute Defensive - 0:00
Total
Forward - 60:00
Defense - 60:00
|
% Time on Ice - Heat
Lines # - Real PCT - Wanted PCT - Time Play
Normal Forward
1 - 34% - 40% - 15:57
2 - 30% - 30% - 13:57
3 - 22% - 20% - 10:07
4 - 14% - 10% - 6:28
Normal Defense
1 - 43% - 40% - 19:52
2 - 32% - 30% - 15:03
3 - 21% - 20% - 9:36
4 - 4% - 10% - 1:58
PP Forward
1 - 59% - 60% - 6:01
2 - 41% - 40% - 4:16
PP Defense
1 - 55% - 60% - 5:41
2 - 45% - 40% - 4:36
PK Forward
1 - 90% - 60% - 2:55
2 - 10% - 40% - 0:19
PK Defense
1 - 61% - 60% - 1:59
2 - 39% - 40% - 1:15
PK3 Forward
1 - 0% - 60%
2 - 0% - 40%
PK3 Defense
1 - 0% - 60%
2 - 0% - 40%
44 Forward
1 - 0% - 60%
2 - 0% - 40%
44 Defense
1 - 0% - 60%
2 - 0% - 40%
Last Minute Offensive - 0:00
Last Minute Defensive - 0:00
Total
Forward - 60:00
Defense - 60:00
|
Play-by-Play
1st period
0:01 of 1st period - Stefan Noesen wins face-off versus Philip Varone in neutral zone.
0:23 of 1st period - Mathieu Brodeur is hit by Dave Dziurzynski.
0:42 of 1st period - Snap shot by Kevin Labanc.
0:42 of 1st period - Deflect By Steven Santini.
0:42 of 1st period - Shot Blocked by Steven Santini.
0:42 of 1st period - Puck is out of play.
0:43 of 1st period - Henrik Samuelsson wins face-off versus Victor Rask in Wolfpack zone.
1:28 of 1st period - Minor Penalty to Seth Griffith for Cross-checking.
1:29 of 1st period - Victor Rask wins face-off versus Maxime Sauvé in Wolfpack zone.
3:01 of 1st period - Icing by Victor Rask.
3:02 of 1st period - Maxime Sauvé wins face-off versus Victor Rask in Heat zone.
3:28 of 1st period - Penalty to Seth Griffith is over, Seth Griffith is back on ice.
4:00 of 1st period - Ryan Culkin is hit by John Gilmour.
4:49 of 1st period - Nico Sturm is hit by Connor Chatam and loses puck.
5:10 of 1st period - Slapshot by Sebastian Collberg.
5:10 of 1st period - Stopped by Michael Hutchinson with a rebound.
5:22 of 1st period - Slapshot by Jake DeBrusk.
5:22 of 1st period - Stopped by Harru Sateri with a rebound.
5:40 of 1st period - Snap shot by Ryan Spooner.
5:40 of 1st period - Shot Misses the Net.
5:58 of 1st period - Snap shot by Eric Karlsson.
5:58 of 1st period - Stopped by Harru Sateri with a rebound.
6:00 of 1st period - Slapshot by Rasmus Andersson.
6:00 of 1st period - Shot Blocked by Will Borgen.
6:02 of 1st period - Slapshot by Mathieu Brodeur.
6:02 of 1st period - Stopped by Harru Sateri without a rebound.
6:03 of 1st period - Victor Rask wins face-off versus Maxime Sauvé in Wolfpack zone.
6:07 of 1st period - Minor Penalty to Dave Dziurzynski for Cross-checking.
6:08 of 1st period - Victor Rask wins face-off versus Adam Lowry in Wolfpack zone.
6:12 of 1st period - Snap shot by Matthew Nieto.
6:12 of 1st period - Shot Misses the Net.
6:14 of 1st period - Snap shot by Victor Rask.
6:14 of 1st period - Stopped by Harru Sateri with a rebound.
8:07 of 1st period - Penalty to Dave Dziurzynski is over, Dave Dziurzynski is back on ice.
10:17 of 1st period - Snap shot by Jake DeBrusk.
10:17 of 1st period - Shot Misses the Net.
10:27 of 1st period - Barclay Goodrow is hit by Kevin Roy and loses puck.
11:10 of 1st period - Wrist shot by Nico Sturm.
11:10 of 1st period - Shot Misses the Net.
11:39 of 1st period - Snap shot by Kevin Labanc.
11:39 of 1st period - Stopped by Harru Sateri without a rebound.
11:40 of 1st period - Kevin Labanc wins face-off versus Dave Dziurzynski in Wolfpack zone.
12:06 of 1st period - Greg Pateryn is hit by Ryan Dzingel and loses puck.
12:27 of 1st period - Wrist shot by Ryan Spooner.
12:27 of 1st period - Goal by Ryan Spooner - Wolfpack : 0 - Heat : 1.
12:28 of 1st period - Philip Varone wins face-off versus Dave Dziurzynski in neutral zone.
12:33 of 1st period - Slapshot by Matthew Nieto.
12:33 of 1st period - Deflect By Kevin Labanc.
12:33 of 1st period - Shot Misses the Net.
12:33 of 1st period - Puck is out of play.
12:34 of 1st period - Maxime Sauvé wins face-off versus Matthew Nieto in Wolfpack zone.
13:27 of 1st period - Wrist shot by Peter Cehlarik.
13:27 of 1st period - Deflect By Ryan Spooner.
13:27 of 1st period - Shot Misses the Net.
13:27 of 1st period - Puck is out of play.
13:28 of 1st period - Philip Varone wins face-off versus Maxime Sauvé in Wolfpack zone.
13:43 of 1st period - Snap shot by Philip Varone.
13:43 of 1st period - Shot Misses the Net.
13:53 of 1st period - Mathieu Brodeur is hit by Ryan Dzingel and loses puck.
14:02 of 1st period - Snap shot by Ryan Dzingel.
14:02 of 1st period - Shot Misses the Net.
14:04 of 1st period - Snap shot by Henrik Samuelsson.
14:04 of 1st period - Shot Misses the Net.
14:20 of 1st period - Ryan Spooner is hit by Connor Chatam and loses puck.
15:30 of 1st period - Trevor Carrick is hit by Henrik Samuelsson and loses puck.
16:06 of 1st period - Snap shot by David Pope.
16:06 of 1st period - Stopped by Michael Hutchinson with a rebound.
16:23 of 1st period - Sebastian Collberg is hit by John Gilmour and loses puck.
16:42 of 1st period - Stefan Noesen is hit by Ryan Spooner and loses puck.
17:11 of 1st period - Sebastian Collberg is hit by Philip Varone and loses puck.
17:43 of 1st period - Snap shot by Greg Pateryn.
17:43 of 1st period - Stopped by Harru Sateri without a rebound.
17:44 of 1st period - Nico Sturm wins face-off versus Kevin Roy in Wolfpack zone.
17:45 of 1st period - Snap shot by Eric Karlsson.
17:45 of 1st period - Stopped by Harru Sateri with a rebound.
17:47 of 1st period - Snap shot by Nico Sturm.
17:47 of 1st period - Shot Blocked by Mikhail Sergachev.
17:49 of 1st period - Wrist shot by Jesper Bratt.
17:49 of 1st period - Shot Blocked by Steven Santini.
17:51 of 1st period - Wrist shot by Jesper Bratt.
17:51 of 1st period - Deflect By Eric Karlsson.
17:51 of 1st period - Shot Blocked by Samuel Blais.
17:51 of 1st period - Puck is out of play.
17:52 of 1st period - Philip Varone wins face-off versus Henrik Samuelsson in Wolfpack zone.
18:22 of 1st period - Slapshot by Jake DeBrusk.
18:22 of 1st period - Shot Misses the Net.
18:24 of 1st period - Wrist shot by Victor Rask.
18:24 of 1st period - Shot Misses the Net.
18:26 of 1st period - Wrist shot by Jake DeBrusk.
18:26 of 1st period - Shot Misses the Net.
18:28 of 1st period - Wrist shot by Evgeny Svechnikov.
18:28 of 1st period - Stopped by Harru Sateri without a rebound.
18:29 of 1st period - Seth Griffith wins face-off versus Victor Rask in Wolfpack zone.
18:35 of 1st period - Icing by Evgeny Svechnikov.
18:36 of 1st period - Seth Griffith wins face-off versus Evgeny Svechnikov in Heat zone.
19:21 of 1st period - Snap shot by Seth Griffith.
19:21 of 1st period - Shot Misses the Net.
19:23 of 1st period - Wrist shot by David Pope.
19:23 of 1st period - Stopped by Michael Hutchinson without a rebound.
19:24 of 1st period - Philip Varone wins face-off versus Maxime Sauvé in Heat zone.
19:31 of 1st period - Wrist shot by Matthew Nieto.
19:31 of 1st period - Shot Misses the Net.
19:52 of 1st period - Minor Penalty to Henrik Samuelsson for Hooking.
19:53 of 1st period - Maxime Sauvé wins face-off versus Victor Rask in Wolfpack zone.
19:53 of 1st period - Maxime Sauvé is hit by Matthew Nieto.
Goals for this period are 0 for Wolfpack vs 1 for Heat.
Shots for this period are 3 for Wolfpack vs 9 for Heat.
2nd period
0:01 of 2nd period - Victor Rask wins face-off versus Maxime Sauvé in neutral zone.
0:10 of 2nd period - Snap shot by Kevin Labanc.
0:10 of 2nd period - Shot Misses the Net.
0:12 of 2nd period - Snap shot by Matthew Nieto.
0:12 of 2nd period - Shot Misses the Net.
0:14 of 2nd period - Slapshot by Mathieu Brodeur.
0:14 of 2nd period - Stopped by Harru Sateri with a rebound.
0:32 of 2nd period - Slapshot by Rasmus Andersson.
0:32 of 2nd period - Shot Blocked by Steven Santini.
0:34 of 2nd period - Snap shot by Jake DeBrusk.
0:34 of 2nd period - Stopped by Harru Sateri with a rebound.
1:52 of 2nd period - Penalty to Henrik Samuelsson is over, Henrik Samuelsson is back on ice.
2:21 of 2nd period - Nico Sturm is hit by Connor Chatam and loses puck.
2:30 of 2nd period - Minor Penalty to Will Borgen for Interference.
2:31 of 2nd period - Victor Rask wins face-off versus Stefan Noesen in Wolfpack zone.
2:34 of 2nd period - Wrist shot by Kevin Labanc.
2:34 of 2nd period - Stopped by Harru Sateri without a rebound.
2:35 of 2nd period - Stefan Noesen wins face-off versus Victor Rask in Wolfpack zone.
2:35 of 2nd period - Stefan Noesen is hit by Kevin Labanc.
2:52 of 2nd period - Minor Penalty to Ryan Culkin for Hooking.
2:53 of 2nd period - Maxime Sauvé wins face-off versus Victor Rask in Wolfpack zone.
2:53 of 2nd period - Maxime Sauvé is hit by Kevin Labanc.
2:58 of 2nd period - Backhand shot by Steven Santini.
2:58 of 2nd period - Shot Blocked by Rasmus Andersson.
3:08 of 2nd period - Wrist shot by Victor Rask.
3:08 of 2nd period - Goal by Victor Rask - Wolfpack : 0 - Heat : 2.
3:09 of 2nd period - Maxime Sauvé wins face-off versus Victor Rask in neutral zone.
4:52 of 2nd period - Penalty to Ryan Culkin is over, Ryan Culkin is back on ice.
5:52 of 2nd period - Eric Karlsson is hit by David Pope.
6:19 of 2nd period - Off-side.
6:20 of 2nd period - Kevin Roy wins face-off versus Victor Rask in neutral zone.
7:11 of 2nd period - Snap shot by Henrik Samuelsson.
7:11 of 2nd period - Stopped by Michael Hutchinson with a rebound.
7:59 of 2nd period - Snap shot by Philip Varone.
7:59 of 2nd period - Stopped by Harru Sateri with a rebound.
8:07 of 2nd period - Sebastian Collberg is hit by Rasmus Andersson and loses puck.
8:25 of 2nd period - Peter Cehlarik is hit by Maxime Sauvé and loses puck.
8:43 of 2nd period - Jake DeBrusk is hit by Steven Santini and loses puck.
9:02 of 2nd period - Colton White is hit by Kevin Labanc and loses puck.
9:17 of 2nd period - Snap shot by Jesper Bratt.
9:17 of 2nd period - Shot Misses the Net.
9:19 of 2nd period - Snap shot by Nico Sturm.
9:19 of 2nd period - Shot Misses the Net.
9:21 of 2nd period - Snap shot by Nico Sturm.
9:21 of 2nd period - Goal by Nico Sturm - Wolfpack : 0 - Heat : 3.
9:22 of 2nd period - Henrik Samuelsson wins face-off versus Philip Varone in neutral zone.
9:22 of 2nd period - Henrik Samuelsson is hit by Rasmus Andersson.
9:26 of 2nd period - Snap shot by Sebastian Collberg.
9:26 of 2nd period - Stopped by Michael Hutchinson without a rebound.
9:27 of 2nd period - Henrik Samuelsson wins face-off versus Philip Varone in Heat zone.
9:30 of 2nd period - Wrist shot by Ryan Dzingel.
9:30 of 2nd period - Shot Blocked by Mathieu Brodeur.
9:32 of 2nd period - Wrist shot by Henrik Samuelsson.
9:32 of 2nd period - Shot Misses the Net.
9:40 of 2nd period - Snap shot by Sebastian Collberg.
9:40 of 2nd period - Stopped by Michael Hutchinson without a rebound.
9:41 of 2nd period - Maxime Sauvé wins face-off versus Kevin Labanc in Heat zone.
9:42 of 2nd period - Wrist shot by Dave Dziurzynski.
9:42 of 2nd period - Shot Misses the Net.
9:52 of 2nd period - Slapshot by Maxime Sauvé.
9:52 of 2nd period - Deflect By Dave Dziurzynski.
9:52 of 2nd period - Stopped by Michael Hutchinson without a rebound.
9:53 of 2nd period - Maxime Sauvé wins face-off versus Philip Varone in Heat zone.
9:56 of 2nd period - Slapshot by Stefan Noesen.
9:56 of 2nd period - Shot Misses the Net.
10:18 of 2nd period - Mikhail Sergachev is hit by Victor Rask and loses puck.
10:43 of 2nd period - Mathieu Brodeur is hit by David Pope and loses puck.
11:48 of 2nd period - Slapshot by Greg Pateryn.
11:48 of 2nd period - Deflect By Victor Rask.
11:48 of 2nd period - Shot Misses the Net.
11:48 of 2nd period - Puck is out of play.
11:49 of 2nd period - Philip Varone wins face-off versus Maxime Sauvé in Wolfpack zone.
11:58 of 2nd period - Wrist shot by Philip Varone.
11:58 of 2nd period - Shot Hit the Post.
12:14 of 2nd period - Jake DeBrusk is hit by Henrik Samuelsson and loses puck.
12:41 of 2nd period - Peter Cehlarik is hit by Connor Chatam and loses puck.
12:46 of 2nd period - Wrist shot by Seth Griffith.
12:46 of 2nd period - Deflect By Peter Cehlarik.
12:46 of 2nd period - Stopped by Michael Hutchinson with a rebound.
13:02 of 2nd period - Slapshot by Kevin Labanc.
13:02 of 2nd period - Shot Misses the Net.
14:08 of 2nd period - Icing by Sebastian Collberg.
14:09 of 2nd period - Henrik Samuelsson wins face-off versus Victor Rask in Wolfpack zone.
14:16 of 2nd period - Mathieu Brodeur is hit by Henrik Samuelsson and loses puck.
14:41 of 2nd period - Wrist shot by Henrik Samuelsson.
14:41 of 2nd period - Deflect By Sebastian Collberg.
14:41 of 2nd period - Goal by Sebastian Collberg - Wolfpack : 1 - Heat : 3.
14:42 of 2nd period - Dave Dziurzynski wins face-off versus Philip Varone in neutral zone.
14:55 of 2nd period - Wrist shot by Stefan Noesen.
14:55 of 2nd period - Shot Hit the Post.
14:57 of 2nd period - Slapshot by Steven Santini.
14:57 of 2nd period - Stopped by Michael Hutchinson with a rebound.
15:09 of 2nd period - Henrik Samuelsson is hit by Evgeny Svechnikov and loses puck.
15:14 of 2nd period - Snap shot by Victor Rask.
15:14 of 2nd period - Shot Misses the Net.
15:16 of 2nd period - Snap shot by Evgeny Svechnikov.
15:16 of 2nd period - Goal by Evgeny Svechnikov - Wolfpack : 1 - Heat : 4.
15:16 of 2nd period - Mike Condon enters game.
15:17 of 2nd period - Philip Varone wins face-off versus Maxime Sauvé in neutral zone.
15:30 of 2nd period - Snap shot by Maxime Sauvé.
15:30 of 2nd period - Stopped by Michael Hutchinson with a rebound.
15:32 of 2nd period - Slapshot by Steven Santini.
15:32 of 2nd period - Shot Blocked by Kevin Labanc.
16:10 of 2nd period - Snap shot by Matthew Nieto.
16:10 of 2nd period - Goal by Matthew Nieto - Wolfpack : 1 - Heat : 5.
16:11 of 2nd period - Maxime Sauvé wins face-off versus Victor Rask in neutral zone.
16:38 of 2nd period - Ryan Dzingel is hit by Barclay Goodrow and loses puck.
16:58 of 2nd period - Icing by Mikhail Sergachev.
16:59 of 2nd period - Nico Sturm wins face-off versus Seth Griffith in Wolfpack zone.
17:00 of 2nd period - Snap shot by Greg Pateryn.
17:00 of 2nd period - Stopped by Mike Condon with a rebound.
17:08 of 2nd period - Slapshot by Seth Griffith.
17:08 of 2nd period - Stopped by Michael Hutchinson with a rebound.
17:10 of 2nd period - Slapshot by Mikhail Sergachev.
17:10 of 2nd period - Stopped by Michael Hutchinson without a rebound.
17:11 of 2nd period - Maxime Sauvé wins face-off versus Philip Varone in Heat zone.
17:24 of 2nd period - Wrist shot by Kevin Labanc.
17:24 of 2nd period - Deflect By Matthew Nieto.
17:24 of 2nd period - Stopped by Mike Condon with a rebound.
17:26 of 2nd period - Backhand shot by Philip Varone.
17:26 of 2nd period - Stopped by Mike Condon without a rebound.
17:27 of 2nd period - Victor Rask wins face-off versus Sebastian Collberg in Wolfpack zone.
17:34 of 2nd period - Snap shot by Jake DeBrusk.
17:34 of 2nd period - Stopped by Mike Condon with a rebound.
17:53 of 2nd period - Colton White is hit by Rasmus Andersson and loses puck.
18:22 of 2nd period - Snap shot by Seth Griffith.
18:22 of 2nd period - Shot Blocked by Mathieu Brodeur.
18:24 of 2nd period - Snap shot by Andrew Peeke.
18:24 of 2nd period - Stopped by Michael Hutchinson with a rebound.
18:26 of 2nd period - Snap shot by Seth Griffith.
18:26 of 2nd period - Shot Misses the Net.
19:04 of 2nd period - Evgeny Svechnikov is hit by Will Borgen and loses puck.
19:24 of 2nd period - Snap shot by Connor Chatam.
19:24 of 2nd period - Goal by Connor Chatam - Wolfpack : 2 - Heat : 5.
19:25 of 2nd period - Matthew Nieto wins face-off versus Maxime Sauvé in neutral zone.
Goals for this period are 2 for Wolfpack vs 4 for Heat.
Shots for this period are 12 for Wolfpack vs 12 for Heat.
3rd period
0:01 of 3rd period - Philip Varone wins face-off versus Maxime Sauvé in neutral zone.
0:16 of 3rd period - Slapshot by Stefan Noesen.
0:16 of 3rd period - Stopped by Michael Hutchinson with a rebound.
0:36 of 3rd period - Slapshot by Evgeny Svechnikov.
0:36 of 3rd period - Shot Blocked by Mikhail Sergachev.
0:38 of 3rd period - Slapshot by Mathieu Brodeur.
0:38 of 3rd period - Stopped by Mike Condon with a rebound.
1:00 of 3rd period - Snap shot by Seth Griffith.
1:00 of 3rd period - Shot Blocked by Greg Pateryn.
1:10 of 3rd period - Frank Corrado is hit by Ryan Culkin and loses puck.
1:11 of 3rd period - Frank Corrado from Heat is injured at 1:11 of 3rd period (Sprained Right Finger).
1:12 of 3rd period - Maxime Sauvé wins face-off versus Kevin Labanc in Heat zone.
1:13 of 3rd period - Snap shot by Stefan Noesen.
1:13 of 3rd period - Shot Misses the Net.
1:24 of 3rd period - Off-side.
1:25 of 3rd period - Philip Varone wins face-off versus Maxime Sauvé in neutral zone.
1:28 of 3rd period - Maxime Sauvé is hit by Rasmus Andersson and loses puck.
1:47 of 3rd period - Dave Dziurzynski is hit by Mathieu Brodeur and loses puck.
2:30 of 3rd period - Wrist shot by Stefan Noesen.
2:30 of 3rd period - Shot Blocked by Rasmus Andersson.
2:32 of 3rd period - Slapshot by Ryan Culkin.
2:32 of 3rd period - Shot Blocked by Mathieu Brodeur.
2:34 of 3rd period - Snap shot by Colton White.
2:34 of 3rd period - Stopped by Michael Hutchinson without a rebound.
2:35 of 3rd period - Victor Rask wins face-off versus Henrik Samuelsson in Heat zone.
2:42 of 3rd period - Snap shot by Henrik Samuelsson.
2:42 of 3rd period - Shot Hit the Post.
2:53 of 3rd period - Minor Penalty to Steven Santini for Goalie Interference.
2:54 of 3rd period - Philip Varone wins face-off versus Maxime Sauvé in Wolfpack zone.
2:55 of 3rd period - Wrist shot by Jake DeBrusk.
2:55 of 3rd period - Shot Blocked by Mikhail Sergachev.
2:57 of 3rd period - Slapshot by Evgeny Svechnikov.
2:57 of 3rd period - Stopped by Mike Condon with a rebound.
2:59 of 3rd period - Snap shot by Evgeny Svechnikov.
2:59 of 3rd period - Stopped by Mike Condon with a rebound.
3:01 of 3rd period - Backhand shot by Greg Pateryn.
3:01 of 3rd period - Stopped by Mike Condon without a rebound.
3:02 of 3rd period - Maxime Sauvé wins face-off versus Philip Varone in Wolfpack zone.
3:25 of 3rd period - Slapshot by Matthew Nieto.
3:25 of 3rd period - Shot Blocked by Andrew Peeke.
3:25 of 3rd period - Andrew Peeke from Wolfpack is injured at 3:25 of 3rd period (Left Hand).
3:26 of 3rd period - Matthew Nieto wins face-off versus Maxime Sauvé in Wolfpack zone.
3:27 of 3rd period - Wrist shot by Kevin Labanc.
3:27 of 3rd period - Shot Blocked by Maxime Sauvé.
3:29 of 3rd period - Wrist shot by Matthew Nieto.
3:29 of 3rd period - Shot Misses the Net.
3:31 of 3rd period - Snap shot by Kevin Labanc.
3:31 of 3rd period - Stopped by Mike Condon with a rebound.
3:33 of 3rd period - Slapshot by Rasmus Andersson.
3:33 of 3rd period - Shot Misses the Net.
3:35 of 3rd period - Slapshot by Mathieu Brodeur.
3:35 of 3rd period - Stopped by Mike Condon without a rebound.
3:36 of 3rd period - Victor Rask wins face-off versus Maxime Sauvé in Wolfpack zone.
4:01 of 3rd period - Backhand shot by Rasmus Andersson.
4:01 of 3rd period - Shot Blocked by Maxime Sauvé.
4:03 of 3rd period - Slapshot by Mathieu Brodeur.
4:03 of 3rd period - Stopped by Mike Condon without a rebound.
4:04 of 3rd period - Philip Varone wins face-off versus Maxime Sauvé in Wolfpack zone.
4:29 of 3rd period - Victor Rask is hit by Stefan Noesen and loses puck.
4:53 of 3rd period - Penalty to Steven Santini is over, Steven Santini is back on ice.
5:07 of 3rd period - Off-side.
5:08 of 3rd period - Ryan Spooner wins face-off versus Henrik Samuelsson in neutral zone.
5:44 of 3rd period - Icing by Greg Pateryn.
5:45 of 3rd period - Philip Varone wins face-off versus Maxime Sauvé in Heat zone.
5:45 of 3rd period - Philip Varone is hit by Dave Dziurzynski.
5:53 of 3rd period - Slapshot by Kevin Labanc.
5:53 of 3rd period - Shot Misses the Net.
5:55 of 3rd period - Slapshot by Greg Pateryn.
5:55 of 3rd period - Stopped by Mike Condon without a rebound.
5:56 of 3rd period - Maxime Sauvé wins face-off versus Philip Varone in Wolfpack zone.
5:56 of 3rd period - Maxime Sauvé is hit by Rasmus Andersson.
6:02 of 3rd period - Backhand shot by Steven Santini.
6:02 of 3rd period - Stopped by Michael Hutchinson with a rebound.
6:04 of 3rd period - Slapshot by Maxime Sauvé.
6:04 of 3rd period - Shot Blocked by Rasmus Andersson.
6:06 of 3rd period - Snap shot by Dave Dziurzynski.
6:06 of 3rd period - Shot Misses the Net.
6:08 of 3rd period - Slapshot by Steven Santini.
6:08 of 3rd period - Deflect By Dave Dziurzynski.
6:08 of 3rd period - Shot Misses the Net.
6:08 of 3rd period - Puck is out of play.
6:09 of 3rd period - Maxime Sauvé wins face-off versus Philip Varone in Heat zone.
6:10 of 3rd period - Slapshot by Stefan Noesen.
6:10 of 3rd period - Stopped by Michael Hutchinson without a rebound.
6:11 of 3rd period - Philip Varone wins face-off versus Maxime Sauvé in Heat zone.
6:24 of 3rd period - Rasmus Andersson is hit by Steven Santini and loses puck.
6:39 of 3rd period - Wrist shot by Henrik Samuelsson.
6:39 of 3rd period - Stopped by Michael Hutchinson with a rebound.
6:41 of 3rd period - Wrist shot by Steven Santini.
6:41 of 3rd period - Stopped by Michael Hutchinson with a rebound.
6:43 of 3rd period - Backhand shot by Mikhail Sergachev.
6:43 of 3rd period - Stopped by Michael Hutchinson with a rebound.
6:57 of 3rd period - Snap shot by Peter Cehlarik.
6:57 of 3rd period - Stopped by Mike Condon without a rebound.
6:58 of 3rd period - Peter Cehlarik wins face-off versus Seth Griffith in Wolfpack zone.
7:33 of 3rd period - Snap shot by Stefan Noesen.
7:33 of 3rd period - Shot Blocked by Philip Varone.
7:51 of 3rd period - Slapshot by Henrik Samuelsson.
7:51 of 3rd period - Shot Blocked by Evgeny Svechnikov.
7:53 of 3rd period - Minor Penalty to Greg Pateryn for Hooking.
7:54 of 3rd period - Maxime Sauvé wins face-off versus Philip Varone in Heat zone.
7:55 of 3rd period - Snap shot by Stefan Noesen.
7:55 of 3rd period - Stopped by Michael Hutchinson with a rebound.
7:57 of 3rd period - Slapshot by Mikhail Sergachev.
7:57 of 3rd period - Shot Misses the Net.
7:59 of 3rd period - Slapshot by Mikhail Sergachev.
7:59 of 3rd period - Shot Blocked by Mathieu Brodeur.
8:09 of 3rd period - Wrist shot by Stefan Noesen.
8:09 of 3rd period - Stopped by Michael Hutchinson without a rebound.
8:10 of 3rd period - Philip Varone wins face-off versus Maxime Sauvé in Heat zone.
8:10 of 3rd period - Philip Varone is hit by Mikhail Sergachev.
8:24 of 3rd period - Wrist shot by Dave Dziurzynski.
8:24 of 3rd period - Deflect By Stefan Noesen.
8:24 of 3rd period - Stopped by Michael Hutchinson without a rebound.
8:25 of 3rd period - Philip Varone wins face-off versus Maxime Sauvé in Heat zone.
9:53 of 3rd period - Penalty to Greg Pateryn is over, Greg Pateryn is back on ice.
9:59 of 3rd period - Slapshot by Rasmus Andersson.
9:59 of 3rd period - Stopped by Mike Condon with a rebound.
10:20 of 3rd period - Joshua Jacobs is hit by Nico Sturm and loses puck.
10:25 of 3rd period - Snap shot by Jesper Bratt.
10:25 of 3rd period - Stopped by Mike Condon without a rebound.
10:26 of 3rd period - Ryan Spooner wins face-off versus Seth Griffith in Wolfpack zone.
10:52 of 3rd period - Snap shot by Nico Sturm.
10:52 of 3rd period - Shot Misses the Net.
11:04 of 3rd period - Slapshot by Henrik Samuelsson.
11:04 of 3rd period - Shot Misses the Net.
11:06 of 3rd period - Snap shot by Steven Santini.
11:06 of 3rd period - Stopped by Michael Hutchinson with a rebound.
12:03 of 3rd period - Snap shot by Henrik Samuelsson.
12:03 of 3rd period - Stopped by Michael Hutchinson without a rebound.
12:04 of 3rd period - Jake DeBrusk wins face-off versus Henrik Samuelsson in Heat zone.
12:22 of 3rd period - Sebastian Collberg is hit by Mathieu Brodeur and loses puck.
12:54 of 3rd period - Wrist shot by Seth Griffith.
12:54 of 3rd period - Shot Blocked by Barclay Goodrow.
12:56 of 3rd period - Snap shot by Connor Chatam.
12:56 of 3rd period - Shot Blocked by Ryan Spooner.
12:58 of 3rd period - Snap shot by Connor Chatam.
12:58 of 3rd period - Stopped by Michael Hutchinson with a rebound.
13:00 of 3rd period - Snap shot by Connor Chatam.
13:00 of 3rd period - Shot Blocked by John Gilmour.
13:02 of 3rd period - Slapshot by Colton White.
13:02 of 3rd period - Shot Blocked by Trevor Carrick.
13:04 of 3rd period - Wrist shot by Seth Griffith.
13:04 of 3rd period - Goal by Seth Griffith - Wolfpack : 3 - Heat : 5.
13:05 of 3rd period - Maxime Sauvé wins face-off versus Philip Varone in neutral zone.
13:16 of 3rd period - Maxime Sauvé is hit by Mathieu Brodeur and loses puck.
15:03 of 3rd period - Wrist shot by Victor Rask.
15:03 of 3rd period - Shot Blocked by Dave Dziurzynski.
16:09 of 3rd period - Icing by Rasmus Andersson.
16:10 of 3rd period - Victor Rask wins face-off versus Henrik Samuelsson in Heat zone.
16:15 of 3rd period - Snap shot by Steven Santini.
16:15 of 3rd period - Stopped by Michael Hutchinson without a rebound.
16:16 of 3rd period - Ryan Spooner wins face-off versus Henrik Samuelsson in Heat zone.
16:31 of 3rd period - Snap shot by Ryan Dzingel.
16:31 of 3rd period - Stopped by Michael Hutchinson without a rebound.
16:32 of 3rd period - Philip Varone wins face-off versus Seth Griffith in Heat zone.
16:39 of 3rd period - Slapshot by Seth Griffith.
16:39 of 3rd period - Deflect By Matthew Nieto.
16:39 of 3rd period - Shot Hit the Post.
16:39 of 3rd period - Puck is out of play.
16:40 of 3rd period - Philip Varone wins face-off versus Seth Griffith in Heat zone.
16:51 of 3rd period - Wrist shot by Philip Varone.
16:51 of 3rd period - Deflect By Matthew Nieto.
16:51 of 3rd period - Shot Blocked by Mikhail Sergachev.
16:51 of 3rd period - Puck is out of play.
16:52 of 3rd period - Ryan Spooner wins face-off versus Henrik Samuelsson in Wolfpack zone.
17:05 of 3rd period - Wrist shot by Ryan Dzingel.
17:05 of 3rd period - Goal by Ryan Dzingel - Wolfpack : 4 - Heat : 5.
17:06 of 3rd period - Kevin Roy wins face-off versus Barclay Goodrow in neutral zone.
17:15 of 3rd period - Snap shot by Ryan Spooner.
17:15 of 3rd period - Shot Misses the Net.
17:17 of 3rd period - Wrist shot by Peter Cehlarik.
17:17 of 3rd period - Deflect By Ryan Spooner.
17:17 of 3rd period - Shot Misses the Net.
17:17 of 3rd period - Puck is out of play.
17:18 of 3rd period - Kevin Roy wins face-off versus Ryan Spooner in Wolfpack zone.
17:18 of 3rd period - Kevin Roy is hit by Ryan Spooner.
17:34 of 3rd period - Snap shot by Samuel Blais.
17:34 of 3rd period - Stopped by Michael Hutchinson without a rebound.
17:35 of 3rd period - Philip Varone wins face-off versus Maxime Sauvé in Heat zone.
18:08 of 3rd period - Slapshot by Rasmus Andersson.
18:08 of 3rd period - Shot Blocked by Henrik Samuelsson.
18:10 of 3rd period - Snap shot by Barclay Goodrow.
18:10 of 3rd period - Shot Misses the Net.
18:44 of 3rd period - Minor Penalty to Philip Varone for Hooking.
18:45 of 3rd period - Maxime Sauvé wins face-off versus Peter Cehlarik in Heat zone.
18:45 of 3rd period - Wolfpack, Mike Condon is pulled from the net.
18:51 of 3rd period - Wrist shot by Maxime Sauvé.
18:51 of 3rd period - Stopped by Michael Hutchinson without a rebound.
18:52 of 3rd period - Jack Capuano call a timeout for Wolfpack.
18:52 of 3rd period - Maxime Sauvé wins face-off versus Peter Cehlarik in Heat zone.
18:57 of 3rd period - Wrist shot by Maxime Sauvé.
18:57 of 3rd period - Shot Blocked by Rasmus Andersson.
19:01 of 3rd period - Snap shot by Maxime Sauvé.
19:01 of 3rd period - Stopped by Michael Hutchinson without a rebound.
19:02 of 3rd period - Dave Dziurzynski wins face-off versus Peter Cehlarik in Heat zone.
19:29 of 3rd period - Ryan Spooner is hit by Mikhail Sergachev and loses puck.
Goals for this period are 2 for Wolfpack vs 0 for Heat.
Shots for this period are 20 for Wolfpack vs 11 for Heat.